 Dungeon Crawl Stone Soup version 0.29-a0-338-g1ff7896281 (webtiles) character file.

Game seed: 732959741203359995

113612 spaghetti the Unseen (level 16, 0/163 HPs)
             Began as a Deep Dwarf Delver on Apr 18, 2022.
             Was an Elder of Makhleb.
             Succumbed to a redback's poison
             ... on level 1 of the Spider Nest.
             The game lasted 01:44:47 (31235 turns).

spaghetti the Unseen (Deep Dwarf Delver)           Turns: 31235, Time: 01:44:48

Health: 0/163      AC: 13    Str: 20      XL:     16   Next: 14%
Magic:  5/5        EV: 15    Int:  9 (11) God:    Makhleb [****..]
Gold:   1321       SH:  4    Dex: 18      Spells: 7/15 levels left

rFire   . . .      SeeInvis .   a - +5 falchion (vamp) {long}
rCold   + . .      Faith    .   A - +0 buckler
rNeg    + . .      Spirit   .   w - +7 Kryia's mail coat {PotionHeal*2 rC+}
rPois   .          Reflect  .   U - +2 helmet
rElec   .          Harm     .   s - +2 cloak
rCorr   .          Rampage  .   C - +1 pair of gloves
Will    ++...                   (no boots)
Stlth   +++++.....              y - amulet of the acrobat
HPRegen 0.00/turn               u - +4 ring of protection
MPRegen 0.09/turn               g - +4 ring of protection

@: lethally poisoned (0 -> -93), corroded, studying Staves
A: damage resistance, heal wounds, negative energy resistance 1, sense
surroundings 2, no regeneration, iridescent scales 1, deterioration 1
a: Heal Wounds, Renounce Religion, Minor Destruction, Lesser Servant of Makhleb,
Major Destruction


You were on level 1 of the Spider Nest.
You worshipped Makhleb.
Makhleb was greatly pleased with you.
You visited 7 branches of the dungeon, and saw 27 of its levels.

You collected 2016 gold pieces.
You spent 695 gold pieces at shops.


Innate Abilities, Weirdness & Mutations

You are resistant to damage.
You can heal yourself by infusing magical energy.
You resist negative energy. (rN+)
You passively map the area around you.
You do not regenerate.
You are partially covered in iridescent scales. (AC +2)
Your body sometimes deteriorates upon taking damage.


   Skills:
 - Level 15.0 Fighting
 - Level 1.7(8.4) Short Blades
 - Level 13.9(14.0) Long Blades
 - Level 16.5 Armour
 - Level 10.3 Dodging
 - Level 17.4 Stealth
 - Level 5.0 Necromancy
 + Level 2.5 Transmutations


You had 7 spell levels left.
You knew the following spells:

 Your Spells              Type           Power      Damage    Failure   Level
a - Vampiric Draining     Necr           9%         2d6       41%         3
b - Wereblood             Tmut           4%         N/A       52%         2
c - Swiftness             Air            0%         N/A       98%         3

Your spell library contained the following spells:

 Spells                   Type           Power      Damage    Failure   Level
 Animate Skeleton         Necr           18%        N/A       14%         1
 Pain                     Necr           36%        1d5       14%         1
 Sublimation of Blood     Necr           9%         N/A       22%         2
 Beastly Appendage        Tmut           8%         N/A       38%         1
 Sting                    Tmut/Pois      8%         1d3       56%         1
 Passwall                 Tmut/Erth      1%         N/A       71%         2
 Foxfire                  Conj/Fire      0%         2x1d4     75%         1
 Blink                    Tloc           0%         N/A       86%         2
 Ensorcelled Hibernation  Hex/Ice        0%         N/A       86%         2
 Poisonous Vapours        Pois/Air       0%         N/A       86%         2
 Spider Form              Tmut/Pois      2%         N/A       90%         3
 Conjure Flame            Conj/Fire      0%         6-21      98%         3
 Inner Flame              Hex/Fire       0%         N/A       98%         3
 Flame Wave               Conj/Fire      0%         2d4       100%        4
 Fulminant Prism          Conj/Hex       0%         3d6       100%        4
 Hailstorm                Conj/Ice       0%         3d3       100%        4
 Ice Form                 Ice/Tmut       2%         N/A       100%        4
 Iskenderun's Mystic Bla  Conj/Tloc      0%         2d3       100%        4
 Olgreb's Toxic Radiance  Pois           0%         N/A       100%        4
 Lee's Rapid Deconstruct  Erth           0%         3d5*      100%        5
 Manifold Assault         Tloc           0%         N/A       100%        5
 Simulacrum               Ice/Necr       2%         N/A       100%        6
 Storm Form               Tmut/Air       1%         N/A       100%        7
 Summon Hydra             Summ           0%         N/A       100%        7

Inventory:

Hand Weapons
 a - a +5 vampiric falchion (weapon) {long}
   (You took it off an orc on level 12 of the Dungeon)
 b - a +2 rapier of holy wrath {short}
   (You took it off Eustachio on level 6 of the Dungeon)
 f - a +3 great sword of holy wrath {long}
   (You took it off Rupert on level 13 of the Dungeon)
 B - a +0 executioner's axe {axerare=g}
   (You found it on level 12 of the Dungeon)
Missiles
 n - 510 stones (quivered) {throwing}
 r - 48 poisoned darts {throwing}
 t - 13 boomerangs {throwing}
 H - 4 javelins {throwing}
 K - 3 curare-tipped darts {=fthrowing}
 R - 6 atropa-tipped darts {throwing}
Armour
 e - the +1 robe of the Endless Songs {rF+ Str+2 Stlth+}
   (You found it on level 5 of the Dungeon)

   Str:       It affects your strength (+2).
   rF:        It protects you from fire.
   Stlth:     It makes you more stealthy.
 s - a +2 cloak (worn)
   (You found it on level 1 of the Dungeon)
 w - the +7 Kryia's mail coat (worn) {PotionHeal*2 rC+}
   (You found it on level 2 of the Dungeon)

   Potions are twice as effective at healing its wearer.
   rC:        It protects you from cold.
 A - a +0 buckler (worn)
   (You took it off a gnoll sergeant on level 6 of the Dungeon)
 C - a +1 pair of gloves (worn)
   (You found it on level 7 of the Dungeon)
 U - a +2 helmet (worn)
   (You found it on level 12 of the Dungeon)
Jewellery
 g - a +4 ring of protection (right hand)
   (You found it on level 1 of the Spider Nest)
 k - a +4 ring of evasion
   (You found it on level 7 of the Dungeon)
 u - a +4 ring of protection (left hand)
   (You found it on level 1 of the Dungeon)
 y - an amulet of the acrobat (around neck)
   (You found it on level 3 of the Dungeon)
 z - a ring of protection from fire
   (You found it on level 8 of the Dungeon)
 F - a ring of flight
   (You found it on level 7 of the Dungeon)
 I - a ring of see invisible
   (You found it on level 6 of the Lair of Beasts)
Wands
 h - a wand of polymorph (10)
   (You found it on level 5 of the Dungeon)
 i - a wand of flame (57)
   (You took it off a wight on level 9 of the Dungeon)
 x - a wand of paralysis (7)
   (You found it on level 15 of the Dungeon)
 O - a wand of iceblast (12)
   (You found it on level 1 of the Lair of Beasts)
 Y - a wand of mindburst (9)
   (You found it on level 14 of the Dungeon)
Scrolls
 c - 4 scrolls of fog
 d - 7 scrolls of magic mapping {!r}
 j - 11 scrolls of immolation {!r!r}
 l - a scroll of silence {!r}
 p - 2 scrolls of vulnerability {!r!r}
 J - 6 scrolls of amnesia
 P - 6 scrolls of teleportation {@r4}
 Q - a scroll of holy word
 T - a scroll of enchant armour
 W - 7 scrolls of identify {@r1}
Potions
 m - 7 potions of attraction {!q}
 o - a potion of might
 v - 6 potions of brilliance
 D - 4 potions of lignification {!q}
 E - 7 potions of flight
 L - a potion of cancellation
 V - a potion of magic
 Z - a potion of ambrosia

Dungeon Overview and Level Annotations

Branches:
Dungeon (15/15)            Temple (1/1) D:4            Lair (6/6) D:9
 Shoals (1/4) Lair:3       Spider (1/4) Lair:4        Slime (0/5) Lair:5
    Orc (2/2) D:12            Elf (1/3) Orc:2        Vaults (0/5) D:13
 Depths (0/4) D:15

Altars:
Ashenzari
Cheibriados
Dithmenos
Elyvilon
Fedhas
Gozag
Hepliaklqana
Kikubaaqudgha
Makhleb
Nemelex Xobeh
Okawaru
Qazlal
Ru
Sif Muna
Trog
Uskayaw
Vehumet
Wu Jian
Xom
Yredelemnul
Zin
The Shining One
Jiyva

Shops:
D:4 *   D:7 (   D:8 :!(:   Orc:2 *:!::

Annotations:
D:3 2 transporters, spaghetti's ghost, amateur NaAr
D:5 exclusion: ogre, Pikel
D:7 exclusion: skeletal warrior
D:9 exclusion: 2 doors
D:13 3 runed translucent doors, Wekar's ghost, journeyman MiFi
D:14 1 runed translucent door, zishaf's ghost, journeyman OpIE
Lair:2 exclusion: hydra
Lair:3 2 transporters
Abyss:1 Ijyb; Joseph; Menkaure

*, * * * ,
,s.#, , , , **
###..# * *, ,
* #.#...* , *
#####..$.# * *
* , #..#..B.
*, * , ,
###ss?#^# * ,
, , *
###.#.(††.# *
**,*, , ,
##.....#.ss# ,
* ##
###...#.###@##
, .##
##....####
###, * * *
..###....## **
, *,,
..##..#### ,
#.....# **, ,
..#..## *,
###†###### * *
* , #.......#
, *
*##.....#..# *
*


You could see an entropy weaver (fleeing) and 4 redbacks.


Message History

* * * LOW HITPOINT WARNING * * *
The redback barely misses you. 😨 HP[-17]
You take 17 damage, and now have 57/163 hp.
A demon appears!
You feel extremely sick.
The redback bites you but does no damage.
The redback barely misses you.
The redback bites you but does no damage.
You block the redback's attack.
The redback bites you but does no damage. 😨 HP[-15]
You take 15 damage, and now have 42/163 hp.
Unknown command.
Unknown command.
Okay, then.
The redback attacks as you move away! The redback bites you!
* * * LOW HITPOINT WARNING * * *
You feel extremely sick. The redback bites your orange demon!
The redback bites your orange demon.
Your orange demon looks as sick as possible!
The redback poisons your orange demon!
Your orange demon stings the redback!
Your orange demon hits the redback. 😱 HP[-13]
You take 13 damage, and now have 29/163 hp.
You feel much better.
You feel extremely sick. The redback bites you.
You are lethally poisoned!
The redback poisons you! The redback bites your orange demon.
Your orange demon looks as sick as possible!
The redback poisons your orange demon! The redback bites your orange demon!
Your orange demon looks as sick as possible!
The redback poisons your orange demon!
The redback bites you but does no damage.
Your orange demon stings the redback!
The redback dies!
Makhleb accepts your kill. The redback bites your orange demon!
Your orange demon dies!
Your orange demon disappears in a puff of smoke! 😱 HP[+9]
You regained 9 hp, and now have 38/163 hp.
Unknown command.
Unknown command.
Okay, then.
Okay, then.
Your magical essence is drained by the effort!
You feel much better.
You feel extremely sick.
The redback barely misses you. 😨 HP[+7] MP[-1]
You regained 7 hp, and now have 45/163 hp.
Unknown command.
Unknown command.
As you read the scroll of fear, it crumbles to dust.
You assume a fearsome visage.
The redback looks frightened! x2
You feel extremely sick. The redback bites you.
* * * LOW HITPOINT WARNING * * *
😱 HP[-15]
You take 15 damage, and now have 30/163 hp.
You hit the redback.
Your attack snaps the redback out of its fear.
You feel very sick.
The redback seems to regain its courage.
The redback closely misses you. 😱 HP[-6]
You take 6 damage, and now have 24/163 hp.
You barely miss the redback.
You feel very sick. The redback barely misses you.
The redback bites you but does no damage. 😱 HP[-5]
You take 5 damage, and now have 19/163 hp.
You hit the redback but do no damage.
You feel very sick. The redback completely misses you.
Cornered, the redback turns to fight!
The redback bites you!
* * * LOW HITPOINT WARNING * * *
Cornered, the redback turns to fight! 😱 HP[-10]
You take 10 damage, and now have 9/163 hp.
Your magical essence is drained by the effort!
You feel much better.
You feel sick. The redback bites you.
You are lethally poisoned!
The redback poisons you!
The redback bites you but does no damage.
The redback bites you!
* * * LOW HITPOINT WARNING * * *
You are more poisoned.
The redback poisons you! 😱 HP[+15] MP[-1]
You regained 15 hp, and now have 24/163 hp.
Unknown command.
As you read the scroll of fear, it crumbles to dust.
You assume a fearsome visage.
The entropy weaver looks frightened!
The entropy weaver shouts!
The redback looks frightened! x4
You die...

Skill      XL: |  1  2  3  4  5  6  7  8  9 10 11 12 13 14 15 16 |
---------------+-------------------------------------------------+-----
Stealth        | 7 8 14 17 | 17.4
Necromancy     | 2 4 5 |  5.0
Armour         | 2 4 6 7 10 12 16 | 16.5
Dodging        | 3 5 6 7 8 10 | 10.3
Fighting       | 3 5 7 9 13 15 | 15.0
Long Blades    | 1 10 13 | 13.9
Transmutations | 2 |  2.5
Short Blades   | |  1.7

Action                   |  1- 3 |  4- 6 |  7- 9 | 10-12 | 13-15 | 16-18 || total
-------------------------+-------+-------+-------+-------+-------+-------++-------
Melee: Short sword       |     2 |    49 |       |   325 |       |       ||   376
       Whip              |       |   131 |   191 |   219 |       |       ||   541
       Punch             |       |     3 |       |       |       |       ||     3
       Rapier            |       |       |       |   212 |   108 |   100 ||   420
       Falchion          |       |       |       |   502 |  3142 |   227 ||  3871
Throw: Stone             |       |    18 |    40 |    81 |    98 |     1 ||   238
       Throwing net      |       |       |     1 |       |       |       ||     1
       Dart              |       |       |     2 |     6 |     1 |       ||     9
 Cast: Vampiric Draining |       |    12 |    13 |   119 |     5 |       ||   149
Invok: Lesser Servant of |       |       |       |    30 |    31 |     6 ||    67
 Abil: Heal Wounds       |     1 |     1 |     5 |     5 |    11 |     6 ||    29
Evoke: Wand              |       |     2 |       |    22 |     2 |     2 ||    28
  Use: Scroll            |     2 |     5 |     6 |    18 |     6 |     3 ||    40
       Potion            |     1 |     7 |    16 |     6 |    12 |     2 ||    44
 Stab: Sleeping          |     2 |    14 |     7 |    32 |    12 |     4 ||    71
       Distracted        |       |     1 |       |     4 |    15 |     1 ||    21
       Petrified         |       |       |       |       |    31 |       ||    31
       Petrifying        |       |       |       |       |     5 |       ||     5
Armor: Robe              |     1 |    59 |    22 |   226 |       |       ||   308
       Scale mail        |       |       |       |   375 |  1808 |   259 ||  2442
Dodge: Dodged            |     2 |   103 |   169 |  1943 |  3097 |   373 ||  5687
Block: Buckler           |       |       |    18 |   303 |   573 |    86 ||   980

Levels and vault maps discovered:
D:1:      amcnicky_arrival_choice, layout_rooms,
          hellmonk_ecumenical_altar_zigzags, interstate_on_off,
          minmay_tromino_i2
D:2:      layout_basic
D:3:      layout_loops_cross, minitemple, gammafunk_ghost_mausoleum
D:4:      layout_basic, mainiacjoe_overflow_alcove_4,
          minmay_temple_entry_enclosed_plants, serial_shops, shop,
          glass_columns_c
D:5:      layout_rooms, dk_xom_monty_hall, mainiacjoe_overflow_brackets,
          serial_rivers, chequers_serial_rivers_room_a,
          chequers_serial_rivers_room_a, chequers_serial_rivers_room_a,
          chequers_serial_rivers_marsh, hangedman_decor_diamond_cutter,
          uniq_blork_the_orc, uniq_pikel, uniq_ijyb
D:6:      layout_loops_ring, uniq_eustachio, uniq_menkaure
D:7:      layout_rooms, doesnt_shop_hydraphobe
D:8:      layout_basic, serial_shops, shop, nicolae_shop_behind_doors, shop,
          nicolae_shop_hallway_stairs, chequers_mini_garden, uniq_joseph
D:9:      layout_irregular_city, grunt_temple_overflow_open,
          grunt_lair_entry_orc_guard_hut, serial_undead, serial_undead_a,
          serial_undead_d, serial_undead_e, serial_undead_a, serial_undead_e,
          serial_undead_c, serial_undead_e, kennysheep_pointless_box,
          kennysheep_diamond, minmay_splitting_lines
D:10:     layout_roguey, eino_small_chamber_without_monster
D:11:     layout_irregular_city, gauntlet_entry_generic
D:12:     layout_long_grid, erik_orc_1
D:13:     layout_rooms, skrybe_vaults_entry_preservation, gammafunk_ghost_split,
          grunt_potential, uniq_rupert
D:14:     layout_rooms, ebering_ghost_xom, minmay_misc_feat_x,
          grunt_decor_fettered
D:15:     gammafunk_enter_depths_forms, layout_loops_ring, serial_bayou_pond_d,
          uniq_nessos, uniq_kirke
Temple:   minmay_temple_curvy_loop
Lair:1:   layout_cave_shapes, grunt_megastairs_4
Lair:2:   layout_concentric_octagons, beast_lair_carwin_4, uniq_amaemon,
          uniq_gastronok, uniq_maggie
Lair:3:   gammafunk_cloud_chamber, layout_hall_layers, elwin_shoals_entry_rooms,
          infiniplex_staircase_pool, uniq_snorg
Lair:4:   cheibrodos_lair_overgrown_chateau, layout_small_grid,
          spider_nest_entry_webs
Lair:5:   layout_regular_city, slime_altar_1
Lair:6:   grunt_lair_end_beastmaster, layout_loops_ring
Shoals:1: layout_shoals
Spider:1: layout_spider_delve
Orc:1:    layout_caves
Orc:2:    st_orc_ogre_mass, layout_caves, gammafunk_ghost_grave,
          nicolae_shop_gadgets
Elf:1:    elf_arrival_002, layout_rooms, serial_shops, nicolae_diamond_shop,
          hangedman_elf_disciples, nicolae_elf_martial_mastery,
          minmay_shop_grove, uniq_frances

Notes
Turn   | Place    | Note
-------+----------+-------------------------------------------
     0 | D:5      | spaghetti the Deep Dwarf Delver began the quest for the
                  | Orb.
     0 | D:5      | Reached XP level 1. HP: 20/20 MP: 1/1
     0 | D:5      | magus.rc [v1.9.6]
    13 | D:5      | Noticed a scorpion
    22 | D:5      | Identified the +1 robe of the Endless Songs {rF+ Str+2
                  | Stlth+}
    50 | D:6      | Noticed a gnoll sergeant
    74 | D:5      | Noticed a scorpion
    77 | D:5      | Killed a scorpion
    78 | D:5      | Reached skill level 7 in Stealth
    78 | D:5      | Reached XP level 2. HP: 8/27 MP: 2/2
    78 | D:5      | Reached XP level 3. HP: 9/33 MP: 3/3
   110 | D:5      | Noticed a lemure
   110 | D:5      | Noticed a lemure
   113 | D:5      | Noticed a lemure
   116 | D:5      | Noticed a lemure
   117 | D:5      | Noticed Pikel
   170 | D:4      | Reached skill level 8 in Stealth
   170 | D:4      | Reached XP level 4. HP: 31/40 MP: 3/3
   478 | D:4      | Found a staircase to the Ecumenical Temple.
   484 | Temple   | Entered the Ecumenical Temple
   769 | D:4      | You pick up a book of Necromancy and begin reading...
   769 | D:4      | You add the spells Pain, Animate Skeleton and Vampiric
                  | Draining to your library.
   783 | D:4      | Learned a level 3 spell: Vampiric Draining
   902 | D:3      | Found a transporter.
   959 | D:4      | Found a burning altar of Makhleb.
   978 | D:4      | Reached skill level 1 in Necromancy
  1007 | D:4      | Became a worshipper of Makhleb the Destroyer
  1058 | D:3      | Reached skill level 2 in Necromancy
  1058 | D:3      | Reached XP level 5. HP: 23/46 MP: 4/4
  1321 | D:2      | Reached skill level 3 in Necromancy
  1793 | D:1      | Found a faded altar of an unknown god.
  2410 | D:2      | Reached * piety under Makhleb
  2488 | D:2      | Found the +7 Kryia's mail coat {PotionHeal*2 rC+}
  3086 | D:3      | Reached skill level 4 in Necromancy
  3092 | D:3      | Reached XP level 6. HP: 43/55 MP: 2/5
  3183 | D:3      | Found a transporter.
  3188 | D:3      | Noticed spaghetti's ghost (amateur NaAr)
  3607 | D:3      | Found a basalt altar of Yredelemnul.
  3624 | D:3      | Found a snail-covered altar of Cheibriados.
  3625 | D:3      | Found a hazy altar of Hepliaklqana.
  3625 | D:3      | Found a radiant altar of Vehumet.
  3629 | D:3      | Found a sacrificial altar of Ru.
  3632 | D:3      | Reached skill level 5 in Necromancy
  3792 | D:4      | Found Zeas's General Store.
  4061 | D:4      | Reached skill level 1 in Armour
  4179 | D:4      | Reached skill level 3 in Dodging
  4272 | D:5      | Noticed Ijyb
  4281 | D:5      | Noticed Blork the orc
  4288 | D:5      | Banished Ijyb
  4289 | D:5      | Reached skill level 2 in Armour
  4291 | D:5      | Killed Blork the orc
  4292 | D:5      | Reached XP level 7. HP: 31/61 MP: 6/6
  4580 | D:5      | Reached skill level 3 in Armour
  4756 | D:5      | Reached skill level 4 in Dodging
  5469 | D:5      | Found an opulent altar of Gozag.
  5877 | D:6      | Noticed a wraith
  5989 | D:6      | Reached skill level 4 in Armour
  6106 | D:6      | Noticed Menkaure
  6115 | D:6      | Banished Menkaure
  6116 | D:6      | Reached skill level 5 in Dodging
  6155 | D:6      | Reached XP level 8. HP: 45/68 MP: 7/7
  6167 | D:6      | You pick up a book of Flames and begin reading...
  6167 | D:6      | You add the spells Foxfire, Conjure Flame, Inner Flame and
                  | Flame Wave to your library.
  6170 | D:6      | You pick up a book of Burglary and begin reading...
  6170 | D:6      | You add the spells Passwall, Ensorcelled Hibernation and
                  | Swiftness to your library.
  6179 | D:6      | Noticed Eustachio
  6181 | D:6      | Reached skill level 5 in Armour
  6195 | D:6      | Reached skill level 6 in Dodging
  6227 | D:6      | Killed Eustachio
  6228 | D:6      | Reached skill level 6 in Armour
  6323 | D:6      | Identified a scroll of acquirement
  6331 | D:6      | Acquired a manual of Stealth
  6429 | D:6      | Reached skill level 10 in Stealth
  6698 | D:7      | Noticed a skeletal warrior
  6702 | D:7      | Reached skill level 11 in Stealth
  6711 | D:7      | HP: 8/67 [skeletal warrior/+0 battleaxe[a skeletal warrior]
                  | (22)]
  6714 | D:7      | HP: 1/67 [skeletal warrior/+0 battleaxe[a skeletal warrior]
                  | (18)]
  6725 | D:7      | HP: 15/64 [skeletal warrior/+0 battleaxe[a skeletal
                  | warrior] (18)]
  6729 | D:7      | Killed a skeletal warrior
  6729 | D:7      | Reached ** piety under Makhleb
  6730 | D:7      | Reached skill level 14 in Stealth
  6730 | D:7      | Gained mutation: You passively map the area around you.
                  | [Deep Dwarf growth]
  6730 | D:7      | Reached XP level 9. HP: 47/74 MP: 7/7
  6859 | D:7      | Noticed a skeletal warrior
  6881 | D:7      | Killed a skeletal warrior
  6882 | D:7      | Reached skill level 15 in Stealth
  6882 | D:7      | Reached skill level 16 in Stealth
  6889 | D:7      | Noticed a skeletal warrior
  6902 | D:7      | Found Evvoipsa's Hydra Hut.
  6904 | D:7      | Noticed an eight-headed hydra
  6952 | D:7      | HP: 18/74 [orc warrior/+2 scimitar of holy wrath (1)]
  7123 | D:8      | Reached skill level 17 in Stealth
  7165 | D:8      | Found Dunal's Weapon Shoppe.
  7212 | D:8      | Noticed Joseph
  7228 | D:8      | Banished Joseph
  7229 | D:8      | Reached skill level 3 in Fighting
  7229 | D:8      | Reached skill level 7 in Dodging
  7478 | D:8      | Reached skill level 7 in Armour
  7519 | D:8      | Reached XP level 10. HP: 43/84 MP: 7/7
  7678 | D:8      | Found Ohaovaen's Book Boutique.
  8038 | D:8      | Reached skill level 8 in Armour
  8044 | D:8      | Reached skill level 4 in Fighting
  8608 | D:9      | Noticed a centaur warrior
  8614 | D:9      | HP: 21/86 [centaur warrior (6)]
  8621 | D:9      | Killed a centaur warrior
  8622 | D:9      | Reached skill level 9 in Armour
  8622 | D:9      | Reached skill level 8 in Dodging
  9085 | D:5      | Reached *** piety under Makhleb
  9237 | D:4      | Bought a potion of heal wounds for 65 gold pieces
  9238 | D:4      | Bought a scroll of enchant armour for 97 gold pieces
  9238 | D:4      | Bought a scroll of enchant armour for 97 gold pieces
  9495 | D:8      | Found Eseakh's Distillery.
  9530 | D:8      | Reached skill level 5 in Fighting
  9572 | D:8      | Found Siohiaj's Book Emporium.
 10012 | D:9      | Reached skill level 10 in Armour
 10165 | D:9      | Found a blossoming altar of Fedhas.
 10274 | D:9      | Found a bloodstained altar of Trog.
 10274 | D:9      | Found a white marble altar of Elyvilon.
 10451 | D:9      | Found a staircase to the Lair.
 10465 | D:9      | Reached XP level 11. HP: 90/95 MP: 2/8
 10701 | D:9      | Reached **** piety under Makhleb
 10818 | D:9      | Reached skill level 9 in Dodging
 11269 | D:10     | Entered Level 10 of the Dungeon
 11828 | D:10     | Reached skill level 6 in Fighting
 11828 | D:10     | Reached skill level 11 in Armour
 12413 | D:11     | Found a gate leading to a gauntlet.
 12454 | D:11     | Reached ***** piety under Makhleb
 13735 | D:12     | Reached skill level 12 in Armour
 13735 | D:12     | Reached skill level 10 in Dodging
 13906 | D:12     | Noticed a two-headed ogre
 13911 | D:12     | Killed a two-headed ogre
 14016 | D:12     | Noticed an eight-headed hydra
 14131 | D:12     | Reached skill level 7 in Fighting
 14242 | D:12     | T - a +0 executioner's axe {axerare=g}
 14423 | D:12     | Found a staircase to the Orcish Mines.
 14646 | D:12     | Reached skill level 1 in Long Blades
 14646 | D:12     | Reached XP level 12. HP: 25/109 MP: 4/9
 14845 | Lair:1   | Entered Level 1 of the Lair of Beasts
 14854 | Lair:1   | HP: 20/109 [komodo dragon (8)]
 14859 | Lair:1   | HP: 13/109 [komodo dragon (8)]
 14861 | Lair:1   | Reached skill level 2 in Long Blades
 15010 | Lair:2   | Noticed a seven-headed hydra
 15034 | Lair:2   | HP: 12/109 [smoke demon/divine providence[the player
                  | character] (14)]
 15056 | Lair:2   | Killed a seven-headed hydra
 15057 | Lair:2   | Reached skill level 3 in Long Blades
 15123 | Lair:2   | You pick up a book of Changes and begin reading...
 15123 | Lair:2   | You add the spells Beastly Appendage, Wereblood and Spider
                  | Form to your library.
 15189 | Lair:3   | Identified the +12 war axe of Oozing Pus {protect, rF+
                  | Str+4}
 15479 | Lair:3   | Reached skill level 4 in Long Blades
 15695 | Lair:3   | Found a staircase to the Shoals.
 15717 | Lair:3   | Reached skill level 5 in Long Blades
 15820 | Lair:3   | Found a transporter.
 15994 | Lair:3   | Found a transporter.
 16101 | Lair:3   | Identified the +4 hand axe of Eternal War {vorpal, rElec
                  | Int+4}
 16242 | Lair:2   | Reached skill level 6 in Long Blades
 16320 | Lair:2   | Noticed Maggie
 16333 | Lair:2   | Killed Maggie
 16562 | Lair:2   | Reached skill level 7 in Long Blades
 16675 | Lair:2   | Noticed a five-headed hydra
 16729 | Lair:2   | Noticed Amaemon
 16746 | Lair:2   | Killed Amaemon
 16819 | Lair:2   | Reached skill level 8 in Long Blades
 16911 | Lair:2   | Noticed Gastronok
 16949 | Lair:2   | Killed Gastronok
 16950 | Lair:2   | Reached skill level 9 in Long Blades
 17067 | Lair:2   | Reached skill level 10 in Long Blades
 17381 | D:12     | Gained mutation: You occasionally shout uncontrollably at
                  | your foes. [a neqoxec]
 17450 | D:13     | Noticed a two-headed ogre
 17475 | D:13     | Noticed a dire elephant
 17487 | D:13     | Noticed a six-headed hydra
 17491 | D:13     | Noticed a centaur warrior
 17492 | D:13     | Noticed a centaur warrior
 17499 | D:13     | Found a gate to the Vaults.
 17499 | D:13     | Noticed an ironbound preserver
 17499 | D:13     | Noticed Rupert
 17507 | D:13     | HP: 22/109 [slime creature (9)]
 17519 | D:13     | Noticed a five-headed hydra
 17621 | Orc:1    | Entered Level 1 of the Orcish Mines
 17662 | Orc:1    | Noticed a two-headed ogre
 17751 | D:12     | Killed a two-headed ogre
 18219 | Orc:2    | Entered Level 2 of the Orcish Mines
 18257 | Orc:2    | Reached XP level 13. HP: 115/115 MP: 9/9
 18454 | Orc:2    | Found a staircase to the Elven Halls.
 18508 | Orc:2    | Reached skill level 11 in Long Blades
 18667 | Orc:2    | Reached skill level 12 in Long Blades
 18718 | Orc:2    | HP: 28/115 [warg[an orc knight] (2)]
 18846 | Orc:2    | Paralysed by something for 6 turns
 18869 | Orc:2    | Reached skill level 13 in Long Blades
 19155 | Orc:2    | Found a runed translucent door.
 19156 | Orc:2    | Noticed spaghetti's ghost (adept DsSu)
 19315 | Orc:2    | Found Jupluxir's Gadget Gallery.
 19376 | Orc:2    | Reached skill level 8 in Fighting
 19420 | Orc:2    | Found Essar's Distillery.
 19421 | Orc:2    | Found Ugeno's Book Shoppe.
 19421 | Orc:2    | Found Haphauj's Book Boutique.
 19421 | Orc:2    | Found Relyagohyl's Book Emporium.
 19432 | Orc:2    | Bought a potion of mutation for 112 gold pieces
 19432 | Orc:2    | Lost mutation: You occasionally shout uncontrollably at
                  | your foes. [potion of mutation]
 19432 | Orc:2    | Gained mutation: You sometimes lose the ability to read
                  | scrolls when taking damage. [potion of mutation]
 19432 | Orc:2    | Gained mutation: You have a pair of small antennae on your
                  | head. [potion of mutation]
 19633 | D:8      | Bought a potion of heal wounds for 60 gold pieces
 19633 | D:8      | Bought a potion of heal wounds for 60 gold pieces
 19633 | D:8      | Bought a potion of curing for 36 gold pieces
 19633 | D:8      | Bought a potion of curing for 36 gold pieces
 19633 | D:8      | Bought a potion of curing for 36 gold pieces
 19633 | D:8      | Bought a potion of mutation for 96 gold pieces
 19633 | D:8      | Lost mutation: You have a pair of small antennae on your
                  | head. [potion of mutation]
 19633 | D:8      | Lost mutation: You sometimes lose the ability to read
                  | scrolls when taking damage. [potion of mutation]
 19633 | D:8      | Gained mutation: Your body sometimes deteriorates upon
                  | taking damage. [potion of mutation]
 19633 | D:8      | Gained mutation: You are partially covered in iridescent
                  | scales. (AC +2) [potion of mutation]
 20121 | Orc:2    | Paralysed by an ogre mage for 2 turns
 20970 | Lair:1   | Reached skill level 9 in Fighting
 21303 | Lair:1   | Gained mutation: You resist negative energy. (rN+) [Deep
                  | Dwarf growth]
 21303 | Lair:1   | Reached XP level 14. HP: 129/129 MP: 10/10
 22043 | Lair:3   | Noticed Snorg
 22077 | Lair:3   | HP: 31/129 [Snorg (19)]
 22082 | Lair:3   | Killed Snorg
 22549 | Lair:4   | Reached skill level 10 in Fighting
 23049 | Lair:5   | HP: 26/133 [lindwurm/blast of flame (33)]
 23057 | Lair:6   | Entered Level 6 of the Lair of Beasts
 23145 | Lair:5   | Reached skill level 11 in Fighting
 23321 | Lair:5   | Found a viscous altar of Jiyva.
 23321 | Lair:5   | Found a staircase to the Slime Pits.
 23864 | Lair:5   | You add the spells Sting, Poisonous Vapours and Olgreb's
                  | Toxic Radiance to your library.
 24148 | Lair:5   | Reached skill level 12 in Fighting
 24617 | Lair:6   | HP: 27/139 [komodo dragon (11)]
 24637 | Lair:6   | HP: 33/139 [dire elephant (3)]
 24732 | Lair:6   | Reached skill level 13 in Fighting
 25280 | Lair:6   | HP: 29/141 [catoblepas (16)]
 25290 | Lair:6   | HP: 21/141 [catoblepas (8)]
 25493 | Lair:6   | Reached XP level 15. HP: 150/150 MP: 11/11
 25571 | Lair:6   | Reached skill level 14 in Fighting
 25587 | Lair:6   | You pick up a book of the Tundra and begin reading...
 25587 | Lair:6   | You add the spells Hailstorm, Ice Form and Simulacrum to
                  | your library.
 25929 | Lair:4   | Found a hole to the Spider Nest.
 26939 | D:12     | You drop a +0 executioner's axe {axerare=g}.
 27156 | D:13     | Noticed a fenstrider witch
 27165 | D:13     | a fenstrider witch changed into a stone giant
 27180 | D:13     | Reached skill level 13 in Armour
 27190 | D:13     | Killed Rupert
 27191 | D:13     | Reached skill level 15 in Fighting
 27305 | D:13     | Found a runed translucent gate.
 27305 | D:13     | Found a runed translucent gate.
 27305 | D:13     | Found a runed translucent gate.
 27306 | D:13     | Noticed Wekar's ghost (journeyman MiFi)
 27309 | D:13     | Noticed an orc warlord
 27849 | D:14     | You pick up a book of Blasting and begin reading...
 27849 | D:14     | You add the spells Fulminant Prism, Iskenderun's Mystic
                  | Blast and Lee's Rapid Deconstruction to your library.
 27977 | D:14     | Reached skill level 14 in Armour
 28255 | D:14     | You pick up a book of Blood and begin reading...
 28255 | D:14     | You add the spells Sublimation of Blood and Summon Hydra to
                  | your library.
 28269 | D:14     | Found a runed translucent door.
 28271 | D:14     | Found a shimmering altar of Xom.
 28271 | D:14     | Noticed zishaf's ghost (journeyman OpIE)
 28464 | D:14     | Reached skill level 15 in Armour
 28615 | D:15     | Entered Level 15 of the Dungeon
 28659 | D:15     | Noticed Nessos
 28696 | D:15     | Killed Nessos
 29302 | D:15     | Reached skill level 16 in Armour
 29322 | D:15     | Found a staircase to the Depths.
 29425 | D:15     | Noticed Kirke
 29449 | D:15     | Killed Kirke
 29450 | D:15     | Reached XP level 16. HP: 163/163 MP: 9/9
 29665 | D:12     | B - a +0 executioner's axe {axerare=g}
 29862 | Orc:1    | Killed spaghetti's ghost
 29888 | Orc:2    | You add the spells Blink, Manifold Assault and Storm Form
                  | to your library.
 29890 | Orc:2    | You drop a +0 executioner's axe {axerare=g}.
 29894 | Orc:2    | B - a +0 executioner's axe {axerare=g}
 29924 | Elf:1    | Entered Level 1 of the Elven Halls
 30393 | Shoals:1 | Entered Level 1 of the Shoals
 30411 | Shoals:1 | HP: 39/163 [drowned by a drowned soul[a merfolk avatar]
                  | (8)]
 30417 | Shoals:1 | HP: 31/163 [drowned by a drowned soul[a merfolk avatar]
                  | (11)]
 30449 | Lair:3   | magus.rc [v1.9.6]
 30455 | Lair:3   | Learned a level 2 spell: Wereblood
 30459 | Lair:3   | Learned a level 3 spell: Swiftness
 30516 | Spider:1 | Entered Level 1 of the Spider Nest
 30557 | Lair:4   | Reached skill level 1 in Transmutations
 31090 | Spider:1 | Reached skill level 2 in Transmutations
 31227 | Spider:1 | HP: 38/163 [redback (4)]
 31232 | Spider:1 | HP: 19/163 [poisoned by a redback]
 31233 | Spider:1 | HP: 9/163 [redback (5)]
 31235 | Spider:1 | Succumbed to a redback's poison

Vanquished Creatures
  Rupert (D:13)
  Gastronok (Lair:2)
  Kirke (D:15)
  The ghost of spaghetti the Epochal, an adept DsSu of Cheibriados (Orc:1)
  A dire elephant (Lair:6)
  A great orb of eyes (shapeshifter) (D:13)
  5 hydras
  2 boulder beetles
  A rakshasa (D:15)
  2 catoblepae
  A merfolk avatar (Shoals:1)
  10 centaur warriors
  4 ogre magi (Orc:2)
  7 death yaks
  17 two-headed ogres
  A tengu warrior (D:15)
  A deep troll shaman (Lair:6)
  Amaemon (Lair:2)
  2 skeletal warriors (D:7)
  A glowing orange brain (D:15)
  3 lindwurms
  2 orc knights
  A deep elf pyromancer (Orc:2)
  An orc sorcerer (Orc:1)
  4 ugly things (D:15)
  A deep elf zephyrmancer (Orc:2)
  A wolf spider (Lair:4)
  A lindwurm (shapeshifter) (D:15)
  A moth of wrath (Spider:1)
  2 manticores
  12 cyclopes
  6 black mambas
  23 elephants
  A torpor snail (Lair:4)
  11 cane toads
  3 kobold demonologists
  A gargoyle (D:10)
  Maggie (Lair:2)
  5 komodo dragons
  A tengu conjurer (D:13)
  7 trolls
  2 polar bears
  A merfolk (Lair:3)
  A hornet (Lair:4)
  A tarantella (D:13)
  14 slime creatures
  9 blink frogs
  A wind drake (Shoals:1)
  9 dream sheep (Lair:4)
  3 jumping spiders
  A shadow (D:12)
  64 yaks
  A culicivora (shapeshifter) (D:15)
  2 culicivoras
  3 wraiths
  3 hogs (D:15)
  2 wyverns
  A steam dragon (D:8)
  Eustachio (D:6)
  8 redbacks
  3 vampire mosquitoes (D:12)
  3 acid dragons
  A warg (Orc:2)
  8 water moccasins
  A hornet zombie (D:9)
  A swamp drake (D:12)
  17 orc warriors
  A sky beast (D:6)
  5 black bears
  24 ogres
  21 wolves
  2 lemures (D:5)
  22 centaurs
  4 kobold brigands
  Blork the orc (D:5)
  11 bullfrogs
  A gnoll sergeant (D:6)
  3 necrophages
  3 scorpions
  35 wights
  11 killer bees
  8 howler monkeys
  A centaur zombie (D:9)
  9 orc priests
  2 hounds
  3 jellies
  6 iguanas
  18 orc wizards
  4 hell rats (Lair:2)
  A killer bee zombie (D:9)
  2 mummies (D:9)
  A howler monkey zombie (D:9)
  4 adders
  7 gnolls
  A white imp (D:5)
  2 ufetubi
  A dart slug (D:1)
  61 orcs
  9 endoplasms
  A giant cockroach (D:2)
  6 goblins
  7 hobgoblins
  7 jackals (D:2)
  23 kobolds
  3 quokkas
  3 ball pythons
  6 bats
  5 rats
655 creatures vanquished.

Vanquished Creatures (collateral kills)
  An ironbound preserver (D:13)
  Nessos (D:15)
  Snorg (Lair:3)
  A boulder beetle (D:15)
  2 hydras
  2 two-headed ogres (Orc:2)
  2 orc knights (Orc:2)
  A deep elf pyromancer (D:13)
  An orange demon (Lair:2)
  A gargoyle (D:13)
  4 komodo dragons
  A kobold demonologist (D:13)
  A troll (Orc:2)
  3 slime creatures (D:14)
  3 blink frogs (Lair:2)
  A wraith (D:12)
  A hog (shapeshifter) (D:13)
  A redback (Spider:1)
  An acid dragon (D:13)
  3 water moccasins (Lair:2)
  An orc warrior (Orc:2)
  3 ogres (Orc:2)
  A bullfrog (Lair:2)
  An orc priest (D:12)
  3 orc wizards
  2 hell rats (Lair:2)
  5 orcs
48 creatures vanquished.

Vanquished Creatures (others)
  A tengu conjurer (D:14)
  An orc priest (Orc:2)
  A kobold (D:13)
  53 fungi
  95 plants
  8 withered plants (D:9)
159 creatures vanquished.

Grand Total: 862 creatures vanquished

Table legend:
 A = Non-vault XP
 B = Vault XP
 C = Vault XP percentage of total XP
 D = Non-vault monster count
 E = Vault monster count
 F = Vault count percentage of total count
                 A         B        C        D         E       F
            +---------+---------+-------+---------+---------+-------
      Total |   99589 |   62715 |  38.6 |     535 |     179 |  25.1
            +---------+---------+-------+---------+---------+-------
        D:1 |      35 |       1 |   2.8 |      19 |       1 |   5.0
        D:2 |     105 |       0 |   0.0 |      24 |       0 |   0.0
        D:3 |     207 |       0 |   0.0 |      16 |       0 |   0.0
        D:4 |     210 |       0 |   0.0 |      19 |       0 |   0.0
        D:5 |     386 |     175 |  31.2 |      18 |       4 |  18.2
        D:6 |     981 |     354 |  26.5 |      13 |       2 |  13.3
        D:7 |    2143 |       0 |   0.0 |      15 |       0 |   0.0
        D:8 |    2572 |     455 |  15.0 |      37 |       1 |   2.6
        D:9 |    3456 |    1509 |  30.4 |      33 |      19 |  36.5
       D:10 |    2265 |       0 |   0.0 |      22 |       0 |   0.0
       D:11 |    3606 |       0 |   0.0 |      34 |       0 |   0.0
       D:12 |    7489 |    3014 |  28.7 |      29 |      21 |  42.0
       D:13 |    3188 |    7761 |  70.9 |       6 |      17 |  73.9
       D:14 |   12869 |       0 |   0.0 |      36 |       0 |   0.0
       D:15 |    6274 |    8163 |  56.5 |      15 |      13 |  46.4
     Lair:1 |    2398 |     359 |  13.0 |      10 |       2 |  16.7
     Lair:2 |    7007 |    4723 |  40.3 |      25 |      13 |  34.2
     Lair:3 |    2018 |    1387 |  40.7 |      12 |       3 |  20.0
     Lair:4 |   10979 |    4229 |  27.8 |      38 |      16 |  29.6
     Lair:5 |   10529 |       0 |   0.0 |      28 |       0 |   0.0
     Lair:6 |   11821 |    8435 |  41.6 |      35 |      19 |  35.2
   Shoals:1 |    1104 |       0 |   0.0 |       2 |       0 |   0.0
   Spider:1 |    2140 |       0 |   0.0 |       6 |       0 |   0.0
      Orc:1 |     969 |    1272 |  56.8 |       7 |       1 |  12.5
      Orc:2 |    4838 |   20878 |  81.2 |      36 |      47 |  56.6
            +---------+---------+-------+---------+---------+-------

Illustrated notes

Table legend:
 A = Kills in this place as a percentage of kills in entire the game.
 B = Kills by you in this place as a percentage of kills by you in the entire game.
 C = Kills by friends in this place as a percentage of kills by friends in the entire game.
 D = Other kills in this place as a percentage of other kills in the entire game.
 E = Experience gained in this place as a percentage of experience gained in the entire game.
 F = Experience gained in this place divided by the number of levels of this place that you have seen.
                   A       B       C       D       E      F
               +-------+-------+-------+-------+-------+----------------------
         Total | 100.0 | 100.0 | 100.0 | 100.0 | 100.0 | 6011.3
       Dungeon |  58.0 |  58.5 |  41.7 |  92.3 |  41.4 | 4481.2
          Lair |  28.2 |  28.6 |  29.2 |   0.0 |  39.4 | 10647.5
        Shoals |   0.3 |   0.3 |   0.0 |   0.0 |   0.7 | 1104.0
   Spider Nest |   0.8 |   0.8 |   2.1 |   0.0 |   1.3 | 2140.0
  Orcish Mines |  12.7 |  11.8 |  27.1 |   7.7 |  17.2 | 13978.5
               +-------+-------+-------+-------+-------+----------------------

Table legend: (Time is in decaauts)
 A = Elapsed time spent in this place.
 B = Non-inter-level travel time spent in this place.
 C = Inter-level travel time spent in this place.
 D = Time resting spent in this place.
 E = Time spent auto-exploring this place.
 F = Levels seen in this place.
 G = Mean time per level.
                   A        B        C        D        E       F      G
               +--------+--------+--------+--------+--------+-----+--------+
         Total |  30329 |  27621 |   2708 |   3170 |  15838 |  27 | 1123.3 |
       Dungeon |  18759 |  16827 |   1932 |   2314 |   9861 |  15 | 1250.6 |
        Temple |    216 |    192 |     24 |      0 |    188 |   1 |  216.0 |
          Lair |   8222 |   7659 |    563 |    141 |   4784 |   6 | 1370.3 |
        Shoals |     47 |     39 |      8 |      0 |      0 |   1 |   47.0 |
   Spider Nest |    625 |    595 |     30 |    414 |     56 |   1 |  625.0 |
  Orcish Mines |   2444 |   2296 |    148 |    300 |    949 |   2 | 1222.0 |
   Elven Halls |     13 |     13 |      0 |      0 |      0 |   1 |   13.0 |
               +--------+--------+--------+--------+--------+-----+--------+

Top non-repeatable levels by time:
     D:9: 2172 daAuts
    D:12: 2161 daAuts
     D:5: 2047 daAuts
   Orc:2: 1945 daAuts
  Lair:2: 1734 daAuts
    D:11: 1551 daAuts
  Lair:3: 1464 daAuts
  Lair:4: 1436 daAuts
     D:8: 1367 daAuts
     D:4: 1322 daAuts
  Lair:6: 1313 daAuts
     D:6: 1166 daAuts
  Lair:1: 1146 daAuts
  Lair:5: 1126 daAuts
    D:10: 1074 daAuts
